 Dungeon Crawl Stone Soup version 0.22.0 (webtiles) character file.

133 CyclopB the Ducker (level 5, -2/33 HPs)
             Began as an Octopode Transmuter on Dec 28, 2018.
             Slain by an orc wizard
             ... wielding a +0 dagger
              (4 damage)
             ... on level 3 of the Dungeon.
             The game lasted 00:10:58 (2881 turns).

CyclopB the Ducker (Octopode Transmuter)            Turns: 2881, Time: 00:10:58

Health: -2/33      AC:  1    Str:  9    XL:     5   Next: 16%
Magic:  8/8        EV: 21    Int: 16    God:
Gold:   106        SH:  0    Dex: 18    Spells: 5/8 levels left

rFire    . . .     SeeInvis .   b - +0 dagger
rCold    . . .     Gourm    .   (no shield)
rNeg     . . .     Faith    .   (helmet restricted)
rPois    .         Spirit   .   (no amulet)
rElec    .         Reflect  .   (no ring)
rCorr    .         Harm     .   (no ring)
MR       .....                  (no ring)
Stlth    ++++......             (no ring)
HPRegen  0.11/turn              (no ring)
MPRegen  0.11/turn              (no ring)
                                (no ring)
                                (no ring)

@: agile
A: almost no armour, stealthy swim, amphibious, 8 rings, constrict 8, camouflage
1, gelatinous body 1
a: no special abilities


You were on level 3 of the Dungeon.
You were not hungry.

You visited 1 branch of the dungeon, and saw 3 of its levels.

You collected 106 gold pieces.

Inventory:

Hand Weapons
 b - a +0 dagger (weapon)
Missiles
 a - 23 arrows
 d - 171 stones (quivered)
 q - 13 poisoned needles
Jewellery
 n - a cursed -2 ring of strength {unknown}
 p - a +3 ring of evasion {unknown}
Scrolls
 e - a scroll of enchant armour {unknown}
 f - a scroll of amnesia {unknown}
 h - 3 scrolls of teleportation
 l - a scroll of fear
 m - a scroll of noise {unknown}
 o - 2 scrolls of remove curse {unknown}
 r - a scroll of magic mapping {unknown}
 s - a scroll of blinking {unknown}
 w - a scroll of identify {unknown}
 x - a scroll of enchant weapon {unknown}
Potions
 g - a potion of agility
 i - a potion of berserk rage {unknown}
 j - a potion of degeneration {unknown}
 k - a potion of brilliance {unknown}
 t - a potion of might {unknown}
 u - a potion of haste {unknown}
Comestibles
 c - 7 rations
 v - 9 chunks of flesh


   Skills:
 - Level 1.0 Fighting
 - Level 2.0 Short Blades
 + Level 4.6 Dodging
 - Level 3.0 Unarmed Combat
 - Level 2.0 Spellcasting
 - Level 2.0 Transmutations


You had 5 spell levels left.
You knew the following spells:

 Your Spells              Type           Power        Failure   Level  Hunger
a - Beastly Appendage     Tmut           #.....       9%          1    #......
b - Sticks to Snakes      Tmut           #.......     14%         2    ###....

Your spell library contained the following spells:

 Spells                   Type           Power        Failure   Level  Hunger
 Spider Form              Tmut/Pois      #.........   38%         3    ###....
 Blade Hands              Tmut           #.........   94%         5    ######.
 Ice Form                 Ice/Tmut       #.......     80%         4    #####..


Dungeon Overview and Level Annotations

Branches:
Dungeon (3/15)

Altars:
Ashenzari

Annotations:
D:2 1 runed door


Innate Abilities, Weirdness & Mutations

You cannot wear most types of armour.
You are very stealthy in the water. (Stealth+)
You are amphibious.
You can wear up to eight rings at the same time.
You can use your tentacles to constrict eight enemies at once.
Your skin changes colour to match your surroundings (Stealth+).
Your rubbery body absorbs attacks. (AC +1, EV +1)


Message History

You hit the orc wizard but do no damage.
You tentacle-slap the orc wizard, but do no damage.
The orc wizard is lightly wounded.
You constrict the orc wizard.
The orc wizard hits you with a dagger. x2
* * * LOW HITPOINT WARNING * * *
You hit the orc wizard but do no damage.
You squeeze the orc wizard.
The orc wizard is moderately wounded.
You constrict the orc wizard. The orc wizard barely misses you.
You hit the orc wizard but do no damage.
The orc wizard is moderately wounded.
You constrict the orc wizard. The orc wizard hits you with a dagger.
* * * LOW HITPOINT WARNING * * *
You release your grip on the orc wizard.
The orc wizard hits you with a dagger.
* * * LOW HITPOINT WARNING * * *
It was a potion of agility.
You feel agile all of a sudden. The orc wizard hits you with a dagger.
You die...

......###...#.#>....<...#...<###.
.#.#### ###...#.........#.#### #.
##...## ###..........##.# ##
###..# #.#.........#.# ##.#
...#...........# #.#
.####.........### #.# #
#.........# #.### .# #.........#
#...##.# #.@......## ###.#..#
#o#..<..## #...# #o###..##
###..## ##o# #.## #. #...## #..#
.. #.##..#.######.##
....##.....##.##..#
##..######........# #...#
#....##.###


You could see an orc priest, an orc wizard and an orc.

Vanquished Creatures
  5 adders
  4 worms (D:2)
  2 dart slugs (D:1)
  4 leopard geckos
  5 orcs (D:3)
  3 ball pythons
  7 bats
  2 giant cockroaches
  4 goblins
  7 hobgoblins
  3 quokkas
  5 frilled lizards
  7 kobolds
  6 rats
64 creatures vanquished.

Vanquished Creatures (others)
  7 toadstools (D:1)
7 creatures vanquished.

Grand Total: 71 creatures vanquished

Notes
Turn   | Place    | Note
-------+----------+-------------------------------------------
     0 | D:1      | CyclopB the Octopode Transmuter began the quest for the Orb.
     0 | D:1      | Reached XP level 1. HP: 13/13 MP: 3/3
   113 | D:1      | Reached skill level 1 in Short Blades
   418 | D:1      | Reached XP level 2. HP: 18/18 MP: 5/5
   818 | D:1      | Reached XP level 3. HP: 16/23 MP: 6/6
  1075 | D:2      | Reached skill level 3 in Dodging
  1493 | D:2      | Learned a level 2 spell: Sticks to Snakes
  1745 | D:2      | Reached XP level 4. HP: 14/28 MP: 7/7
  2069 | D:2      | Found a shattered altar of Ashenzari.
  2206 | D:2      | Found a runed door.
  2312 | D:2      | Reached skill level 4 in Dodging
  2685 | D:3      | Reached XP level 5. HP: 30/33 MP: 8/8
  2881 | D:3      | Slain by an orc wizard

Skill      XL: |  1  2  3  4 |
---------------+-------------+-----
Short Blades   | 1 2 |  2.0
Dodging        | 3 4 |  4.6
Fighting       | |  1.0
Unarmed Combat | |  3.0
Spellcasting   | |  2.0
Transmutations | |  2.0

Action                   |  1- 3 |  4- 6 || total
-------------------------+-------+-------++-------
Melee: Dagger            |    89 |    84 ||   173
       Constrict         |    28 |    23 ||    51
       Unarmed           |     3 |       ||     3
       Kick              |     2 |       ||     2
       Tentacles         |    19 |    18 ||    37
       Punch             |     3 |     2 ||     5
Throw: Stone             |    22 |    14 ||    36
 Cast: Beastly Appendage |     1 |       ||     1
  Use: Scroll            |     2 |       ||     2
       Potion            |       |     1 ||     1
 Stab: Sleeping          |     4 |     4 ||     8
  Eat: Chunk             |     2 |     4 ||     6
Armor: Skin              |     7 |     1 ||     8
Dodge: Dodged            |    51 |    39 ||    90
